 Dungeon Crawl Stone Soup version 0.20.1-1-g8b1a95d (webtiles) character file.

471 Gremour the Slasher (level 7, -4/41 HPs)
             Began as a Gargoyle Fighter on Nov 16, 2017.
             Slain by an ogre
             ... wielding a +0 giant club
              (7 damage)
             ... on level 4 of the Dungeon.
             The game lasted 00:16:48 (2985 turns).

Gremour the Slasher (Gargoyle Fighter)              Turns: 2985, Time: 00:16:49

Health: -4/41      AC: 12    Str: 20    XL:     7   Next: 9%
Magic:  0/7        EV:  7    Int:  8    God:
Gold:   165        SH:  9    Dex: 11    Spells: 6/6 levels left

rFire    . . .     SeeInvis .   a - +0 long sword
rCold    . . .     Gourm    .   c - +0 shield
rNeg     + . .     Faith    .   b - +0 scale mail
rPois    ∞         Spirit   +   (no helmet)
rElec    +         Reflect  .   (no cloak)
rCorr    .         Harm     .   v - +0 pair of gloves
MR       .....                  (no boots)
Stlth    ..........             k - amulet of guardian spirit
Regen    0.2/turn               (no ring)
MPRegen  0.1/turn               (no ring)

@: no status effects
A: negative energy resistance 1, electricity resistance, unbreathing,
petrification resistance, rot immunity, AC +4
a: no special abilities


You were on level 4 of the Dungeon.
You were not hungry.

You visited 1 branch of the dungeon, and saw 4 of its levels.
You also visited: Sewer.

You collected 165 gold pieces.

Inventory:

Hand Weapons
 a - a +0 long sword (weapon)
 d - a +1 short sword of speed
 q - a +0 spear of flaming
Missiles
 u - 5 tomahawks (quivered)
Armour
 b - a +0 scale mail (worn)
 c - a +0 shield (worn)
 v - a +0 pair of gloves (worn)
Jewellery
 k - an amulet of guardian spirit (around neck)
Scrolls
 e - a scroll of magic mapping
 g - 2 scrolls of teleportation {unknown}
 i - 2 scrolls of identify
 j - a scroll of fog {unknown}
 l - a scroll of immolation {unknown}
 n - a scroll of enchant weapon {unknown}
 o - a scroll of recharging
Potions
 p - 2 potions of agility {unknown}
 r - a potion of flight {unknown}
 s - a potion of ambrosia {unknown}
Miscellaneous
 t - a lamp of fire
Comestibles
 f - 2 bread rations
 h - 2 meat rations


   Skills:
 - Level 3.2 Fighting
 + Level 6.7 Long Blades
 - Level 3.4 Armour
 - Level 3.2 Shields


You had 6 spell levels left.
You didn't know any spells.

Dungeon Overview and Level Annotations

Branches:
Dungeon (4/15)
 Temple: D:4-7

Altars:
Elyvilon
Okawaru

Annotations:
D:4 Pikel, Sigmund


Innate Abilities, Weirdness & Mutations

You are resistant to torment.
Your stone body is resilient. (AC +4)
You are immune to poison.
You resist negative energy. (rN+)
You are resistant to electric shocks. (rElec)
You can survive without breathing.
You are immune to petrification.
You are immune to rotting.


Message History

You barely miss the ogre.
The ogre is severely wounded.
You block the ogre's attack.
Your shield prevents you from hitting the ogre.
The ogre is severely wounded.
You block the ogre's attack.
You slash the ogre!
The ogre is almost dead.
You block the ogre's attack.
You hit the ogre.
The ogre is almost dead.
The ogre hits you with a giant club!
You barely miss the ogre.
The ogre is almost dead.
The ogre hits you with a giant club!
* * * LOW HITPOINT WARNING * * *
You hit the ogre but do no damage.
The ogre is almost dead.
The ogre hits you with a giant club!
You die...

... #.# #.# #.#
#.# #.#
#####O#### ..
#....@...#####
###.##
#(###........#
.##...
####.##.#.#.##..#
#...###.. #..##
####.#.# #...
#...####.###
#.#.........
#...####.###
##### #.#


You could see an ogre.

Vanquished Creatures
  Grinder (D:3)
  A slave (D:3)
  A bullfrog (Sewer)
  A worker ant (D:3)
  3 gnolls (D:2)
  4 adders
  3 river rats (D:3)
  An ooze (D:3)
  4 worms
  4 leopard geckos
  6 orcs (D:3)
  4 ball pythons
  4 bats
  9 giant cockroaches
  8 goblins
  5 hobgoblins
  3 jackals
  10 frilled lizards
  8 kobolds
  9 rats
89 creatures vanquished.

Notes
Turn   | Place    | Note
-------+----------+-------------------------------------------
     0 | D:1      | Gremour the Gargoyle Fighter began the quest for the Orb.
     0 | D:1      | Reached XP level 1. HP: 14/14 MP: 1/1
   119 | D:1      | Reached skill level 2 in Long Blades
   323 | D:1      | Reached XP level 2. HP: 19/19 MP: 2/2
   528 | D:2      | Reached skill level 3 in Long Blades
   528 | D:2      | Reached XP level 3. HP: 23/23 MP: 3/3
   702 | D:2      | Reached XP level 4. HP: 28/28 MP: 4/4
   722 | D:2      | Found a white marble altar of Elyvilon.
  1263 | D:3      | Found an iron altar of Okawaru.
  1293 | D:3      | Reached skill level 4 in Long Blades
  1427 | D:3      | Reached XP level 5. HP: 17/32 MP: 2/5
  1468 | D:3      | Found a glowing drain.
  1473 | Sewer    | Entered a sewer
  1763 | Sewer    | Reached skill level 5 in Long Blades
  1763 | Sewer    | Reached XP level 6. HP: 14/37 MP: 3/6
  2101 | D:3      | Noticed Grinder
  2121 | D:3      | Paralysed by Grinder for 3 turns
  2125 | D:3      | Paralysed by Grinder for 2 turns
  2131 | D:3      | Killed Grinder
  2131 | D:3      | Reached skill level 6 in Long Blades
  2367 | D:3      | Reached XP level 7. HP: 41/41 MP: 7/7
  2783 | D:4      | Noticed Sigmund
  2783 | D:4      | Noticed Pikel
  2985 | D:4      | Slain by an ogre

Skill      XL: |  1  2  3  4  5  6 |
---------------+-------------------+-----
Long Blades    | 2 3 4 5 6 |  6.7
Fighting       | |  3.2
Armour         | |  3.4
Shields        | |  3.2

Action                   |  1- 3 |  4- 6 |  7- 9 || total
-------------------------+-------+-------+-------++-------
Melee: Long sword        |    80 |   218 |    92 ||   390
  Use: Scroll            |       |     4 |       ||     4
       Potion            |       |     1 |     1 ||     2
  Eat: Chunk             |       |     4 |     4 ||     8
Armor: Scale mail        |    45 |   107 |    29 ||   181
Dodge: Dodged            |    20 |    53 |    21 ||    94
Block: Shield            |    41 |   105 |    25 ||   171
       Rpst.: Long sword |     7 |    13 |     5 ||    25
